 Dungeon Sprint DCSS version 0.27-a0-1217-g8a41f320e8 (webtiles) character file.

Game seed: 3736203899670866786

5555 mhtbhm the Severer (level 10, -19/157 HPs)
             Began as a Minotaur Berserker on June 5, 2021.
             Was the Champion of Trog.
             Demolished by Agnes
             ... wielding a +2 lajatang of electrocution
              (44 damage)
             ... in the Dungeon (Sprint IV: "Fedhas' Mad Dash").
             The game lasted 00:04:02 (2964 turns).

mhtbhm the Severer (Minotaur Berserker)             Turns: 2964, Time: 00:04:03

Health: -19/157    AC:  2    Str: 26    XL:     10   Next: 44%
Magic:  9/9        EV: 14    Int:  4    God:    Trog [******]
Gold:   108        SH:  0    Dex: 11    Spells: 9/9 levels left

rFire    . . .     SeeInvis .   a - +3 broad axe "Killer Bee's Peril" {vorpal, rPois Will++ Dex+2}
rCold    . . .     Faith    .   (no shield)
rNeg     + . .     Spirit   .   b - +0 animal skin
rPois    +         Reflect  .   (helmet restricted)
rElec    .         Harm     .   (no cloak)
rCorr    .         Rampage  .   (no gloves)
Will     ++...     NoTele   +   (no boots)
Stlth    ..........             i - amulet of invisibility {+Inv}
HPRegen  0.36/turn              j - ring of positive energy
MPRegen  0.11/turn              (no ring)

@: berserking, very quick
A: horns 2, retaliatory headbutt
a: Renounce Religion, Evoke Invisibility, Berserk, Trog's Hand, Brothers in Arms


You were in the Dungeon.
You worshipped Trog.
Trog was exalted by your worship.
You visited 1 branch You collected 288 gold pieces.
You spent 180 gold pieces at shops.

Inventory:

Hand Weapons
 a - the +3 broad axe "Killer Bee's Peril" (weapon) {vorpal, rPois Will++ Dex+2}
   (You bought it in a shop in the Dungeon)

   It inflicts extra damage upon your enemies.
   It affects your dexterity (+2).
   It protects you from poison.
   It greatly increases your willpower.
Missiles
 n - 9 poisoned darts
Armour
 b - a +0 animal skin (worn)
Jewellery
 i - the amulet of invisibility (around neck) {+Inv}
   (You found it in the Dungeon)

   [amulet of nothing]

   It lets you turn invisible.
 j - a ring of positive energy (left hand)
Wands
 m - a wand of charming (3)
Scrolls
 h - a scroll of blinking
 k - a scroll of acquirement {unknown}
 l - 3 scrolls of identify {unknown}
Potions
 c - a potion of curing
 d - a potion of heal wounds
 e - a potion of haste
 f - 2 potions of magic
 g - a potion of berserk rage
Miscellaneous
 o - a tin of tremorstones (2/2)


   Skills:
 + Level 15.0 Fighting
 + Level 17.6 Axes
 + Level 6.9 Armour
 + Level 8.0 Dodging
 + Level 10.2 Stealth
 - Level 4.7 Evocations


You had 9 spell levels left.
You didn't know any spells.
Your spell library was empty.

Dungeon Overview and Level Annotations

Branches:
Dungeon (1/1)

Altars:
Cheibriados
Dithmenos
Elyvilon
Gozag
Hepliaklqana
Kikubaaqudgha
Makhleb
Nemelex Xobeh
Okawaru
Qazlal
Ru
Sif Muna
Trog
Uskayaw
Vehumet
Wu Jian
Xom
Yredelemnul
Zin
The Shining One
Beogh
Jiyva
Lugonu

Shops:
D ((([([=

Annotations:
D Agnes


Innate Abilities, Weirdness & Mutations

You have a pair of horns on your head.
You reflexively headbutt those who attack you in melee.


Message History

You see here a +1 vorpal hand axe.
There is an open door here.
There is an open door here.
There is an open door here.
You open the door.
Agnes the Wanderer comes into view.
She is wielding a +2 lajatang of electrocution.
Unknown command.
Non-targeted abil: Berserk
Press: ? - help, Q - select action, (/) - cycle Dir - look around, f - activate A red film seems to cover your vision as you go berserk!
You feel yourself moving faster!
You feel mighty!
Agnes shouts!
Okay, then.
You feel a strong urge to attack something.
There is an open door here.
A spriggan berserker comes into view. It is wielding a +1 antimagic hand axe.
The spriggan berserker shouts!
Agnes hits you with a +2 lajatang of electrocution!
The spriggan berserker invokes Trog's protection!
Found Ymer's Antique Weapon Emporium.
You miss Agnes. Your headbutt misses Agnes.
Agnes hits you with a +2 lajatang of electrocution!
You slash Agnes! Your headbutt misses Agnes.
Agnes is lightly wounded.
Agnes hits you with a +2 lajatang of electrocution!!
You barely miss Agnes.
Agnes is lightly wounded.
Agnes hits you with a +2 lajatang of electrocution!
You miss Agnes.
Agnes is lightly wounded.
Agnes hits you with a +2 lajatang of electrocution!!!
* * * LOW HITPOINT WARNING * * *
You are electrocuted!!
* * * LOW HITPOINT WARNING * * *
You miss Agnes. Your headbutt misses Agnes.
Agnes is lightly wounded.
You slice the spriggan berserker!!
Agnes hits you with a +2 lajatang of electrocution!!!
You die...

'.._._._._._..'..#...#....).:##'#
#..._._._._...#..###'##...##∩#..#
#.._._._._._..#.)##∩∩.'...#####..
#._._._._._.⌠.#################..
###################....(.###)....
#♣♣♣♣♣..♣.###.'..'.......'.')))♣.
......♣..♣##:.#..#.......########
♣..♣♣♣.♣).###)##'##......#
.♣♣..♣...♣'...#♣@♣######## #
#############ii...# ..♣..♣....#
...♣.... .♣.. ..... ♣.... ∩. ####
###### ##


You could see Agnes and a spriggan berserker (regenerating, strong-willed).

Vanquished Creatures
  A spriggan druid (D)
  6 oklob plants (D)
  A demonic crawler (D)
  3 wandering mushrooms (D)
  3 burning bushes (D)
  A queen bee (D)
  A hornet (D)
  3 scorpions (D)
  4 killer bees (D)
  5 oklob saplings (D)
  5 spriggans (D)
  A river rat (D)
  A rat (D)
  A ballistomycete spore (D)
36 creatures vanquished.

Vanquished Creatures (others)
  2 fungi (D)
2 creatures vanquished.

Grand Total: 38 creatures vanquished

Notes
Turn   | Place    | Note
-------+----------+-------------------------------------------
     0 | D        | mhtbhm the Minotaur Berserker began the quest for the Orb.
     0 | D        | Reached XP level 1. HP: 19/19 MP: 0/0
    10 | D        | Reached skill level 4 in Axes
    10 | D        | Reached XP level 2. HP: 28/28 MP: 1/1
    65 | D        | Noticed an oklob sapling
    67 | D        | Killed an oklob sapling
    67 | D        | Reached ** piety under Trog
    68 | D        | Reached skill level 6 in Axes
    68 | D        | Reached XP level 3. HP: 37/37 MP: 2/2
   108 | D        | Noticed a scorpion
   109 | D        | Found the amulet of invisibility {+Inv}
   114 | D        | Killed a scorpion
   115 | D        | Reached skill level 7 in Axes
   115 | D        | Reached XP level 4. HP: 47/47 MP: 3/3
   356 | D        | Found an opulent altar of Gozag.
   356 | D        | Found a hazy altar of Hepliaklqana.
   356 | D        | Found a burning altar of Makhleb.
   356 | D        | Found a sparkling altar of Nemelex Xobeh.
   356 | D        | Found a snail-covered altar of Cheibriados.
   356 | D        | Found a sacrificial altar of Ru.
   356 | D        | Found a shimmering blue altar of Sif Muna.
   356 | D        | Found a shimmering altar of Xom.
   356 | D        | Found a basalt altar of Yredelemnul.
   357 | D        | Found a viscous altar of Jiyva.
   357 | D        | Found a bloodstained altar of Trog.
   357 | D        | Found an ornate altar of the Wu Jian Council.
   358 | D        | Found an iron altar of Okawaru.
   358 | D        | Found a shadowy altar of Dithmenos.
   358 | D        | Found a glowing silver altar of Zin.
   359 | D        | Found an ancient bone altar of Kikubaaqudgha.
   359 | D        | Found a hide-covered altar of Uskayaw.
   360 | D        | Found a stormy altar of Qazlal.
   360 | D        | Found a white marble altar of Elyvilon.
   360 | D        | Found a glowing golden altar of the Shining One.
   361 | D        | Found a corrupted altar of Lugonu.
   361 | D        | Found a radiant altar of Vehumet.
   369 | D        | Reached skill level 8 in Axes
   369 | D        | Reached XP level 5. HP: 53/53 MP: 2/4
   515 | D        | Reached *** piety under Trog
   516 | D        | Reached skill level 9 in Axes
   728 | D        | Reached skill level 5 in Armour
   728 | D        | Reached skill level 1 in Evocations
   735 | D        | Reached skill level 10 in Axes
   735 | D        | Reached skill level 1 in Stealth
   735 | D        | Reached XP level 6. HP: 66/66 MP: 5/5
   803 | D        | Found Eradgh's Weapon Shop.
   803 | D        | Found Kusmuts's Antique Weapon Emporium.
   844 | D        | Reached **** piety under Trog
   845 | D        | Reached skill level 5 in Dodging
   996 | D        | Noticed a queen bee
  1003 | D        | Reached skill level 10 in Fighting
  1004 | D        | Reached skill level 11 in Axes
  1011 | D        | Killed a queen bee
  1011 | D        | Reached ***** piety under Trog
  1012 | D        | Reached skill level 12 in Axes
  1012 | D        | Reached XP level 7. HP: 74/74 MP: 4/6
  1116 | D        | Noticed an oklob plant
  1121 | D        | Killed an oklob plant
  1122 | D        | Reached skill level 13 in Axes
  1122 | D        | Reached XP level 8. HP: 83/83 MP: 7/7
  1463 | D        | Noticed a burning bush
  1476 | D        | Killed a burning bush
  1761 | D        | Noticed a burning bush
  1761 | D        | Noticed a wandering mushroom
  1762 | D        | Noticed a wandering mushroom
  1769 | D        | Killed a wandering mushroom
  1770 | D        | Reached skill level 14 in Axes
  1770 | D        | Reached skill level 5 in Stealth
  1773 | D        | Killed a burning bush
  1773 | D        | Received a gift from Trog
  1775 | D        | Found Paate's Antique Weapon Emporium.
  1775 | D        | Found Qam Zao's Armour Shoppe.
  2049 | D        | Bought a jewelled broad axe for 180 gold pieces
  2049 | D        | Identified the +3 broad axe "Killer Bee's Peril" {vorpal,
                  | rPois Will++ Dex+2} (You bought it in a shop in the
                  | Dungeon)
  2093 | D        | Noticed a burning bush
  2093 | D        | Noticed an oklob plant
  2094 | D        | Noticed a wandering mushroom
  2095 | D        | Killed a burning bush
  2096 | D        | Reached XP level 9. HP: 93/93 MP: 5/8
  2104 | D        | Killed an oklob plant
  2105 | D        | Reached skill level 15 in Axes
  2166 | D        | Noticed a spriggan druid
  2168 | D        | Killed a spriggan druid
  2303 | D        | Noticed an oklob plant conjurer
  2304 | D        | Killed an oklob plant conjurer
  2304 | D        | Received a gift from Trog
  2305 | D        | Reached skill level 16 in Axes
  2461 | D        | Noticed an oklob plant
  2461 | D        | Noticed an oklob plant summoner
  2462 | D        | Noticed an oklob plant shifter
  2468 | D        | Killed an oklob plant
  2470 | D        | Killed an oklob plant summoner
  2471 | D        | Reached XP level 10. HP: 104/104 MP: 7/9
  2474 | D        | Killed an oklob plant shifter
  2474 | D        | Reached ****** piety under Trog
  2530 | D        | Reached skill level 17 in Axes
  2573 | D        | Noticed a spriggan rider
  2574 | D        | Found Buxacvol's Antique Armour Emporium.
  2580 | D        | Received a gift from Trog
  2583 | D        | Killed a spriggan rider
  2584 | D        | Reached skill level 15 in Fighting
  2584 | D        | Reached skill level 10 in Stealth
  2587 | D        | Found Baqorphu's Jewellery Shoppe.
  2956 | D        | Noticed Agnes
  2959 | D        | Found Ymer's Antique Weapon Emporium.
  2959 | D        | Noticed a spriggan berserker
  2964 | D        | Demolished by Agnes

Illustrated notes

Levels and vault maps discovered:
D:        dungeon_sprint_fedhas [sprint_temple]

Skill      XL: |  1  2  3  4  5  6  7  8  9 10 |
---------------+-------------------------------+-----
Fighting       | 4 6 7 8 9 11 12 13 14 15 | 15.0
Axes           | 4 6 7 8 10 12 13 14 16 17 | 17.6
Armour         | 3 4 5 6 |  6.9
Dodging        | 3 4 5 6 7 8 |  8.0
Evocations     | 1 3 4 |  4.7
Stealth        | 1 3 4 6 8 10 | 10.2

Action                   |  1- 3 |  4- 6 |  7- 9 | 10-12 || total
-------------------------+-------+-------+-------+-------++-------
Melee: Hand axe          |     9 |    25 |    24 |       ||    58
       Headbutt          |     2 |     3 |    18 |     3 ||    26
       Broad axe         |       |       |    14 |    17 ||    31
Invok: Berserk           |     3 |     4 |     8 |     3 ||    18
 Abil: Evoke Invisibilit |       |     2 |     3 |       ||     5
 Stab: Invisible         |       |     3 |     3 |       ||     6
       Sleeping          |       |       |     3 |       ||     3
Dodge: Dodged            |     4 |    10 |     9 |     6 ||    29

Table legend: (Time is in decaauts)
 A = Elapsed time spent in this place.
 B = Non-inter-level travel time spent in this place.
 C = Inter-level travel time spent in this place.
 D = Time resting spent in this place.
 E = Time spent auto-exploring this place.
 F = Levels seen in this place.
 G = Mean time per level.
                   A        B        C        D        E       F      G
               +--------+--------+--------+--------+--------+-----+--------+
         Total |   3092 |   3092 |      0 |   2546 |      3 |   1 | 3092.0 |
       Dungeon |   3092 |   3092 |      0 |   2546 |      3 |   1 | 3092.0 |
               +--------+--------+--------+--------+--------+-----+--------+

Top non-repeatable levels by time:
       D: 3092 daAuts
